 Dungeon Crawl Stone Soup version 0.29.0-11-gd7f09526c8 (webtiles) character file.

Game seed: 4748797771060721149

65177 Flugkiller the Severer (level 14, -14/104 HPs)
             Began as a Minotaur Fighter on Sept 5, 2022.
             Was the Champion of Okawaru.
             Demolished by a four-headed hydra simulacrum (19 damage)
             ... led by a necromancer
             ... while paralysed
             ... on level 2 of the Abyss.
             The game lasted 00:12:13 (24212 turns).

Flugkiller the Severer (Minotaur Fighter)          Turns: 24212, Time: 00:12:14

Health: -14/104    AC: 26    Str: 20 (21) XL:     14   Next: 74%
Magic:  12/19      EV:  2    Int:  0 (1)  God:    Okawaru [******]
Gold:   1238       SH:  0    Dex: 14 (15) Spells: 13/13 levels left

rFire   + . .      SeeInvis .   e - +6 broad axe of Fogi {speed, rPois}
rCold   . . .      Faith    .   c - +0 buckler
rNeg    . . .      Spirit   .   f - +0 plate armour
rPois   +          Reflect  +   H - +2 hat
rElec   .          Harm     .   J - +2 cloak {rCorr}
rCorr   +          Rampage  .   (no gloves)
Will    +....      Rage     9%  K - +0 pair of boots of Fofoet {*Slow rF+ Regen+ Slay+3}
Stlth   ..........              s - amulet of reflection
HPRegen 0.00/turn               v - +4 ring of evasion
MPRegen 0.16/turn               p - +4 ring of protection

@: paralysed, heroic, finesse-ful, on berserk cooldown, inhibited regen, slowed,
lost intelligence, unable to read, unable to drink
A: horns 2, retaliatory headbutt, shaggy fur 1, [berserk 2], [deformed body],
[deterioration 2], [dopey 2], [frail 2], [inhibited regeneration], [subdued
magic 2], [inability to drink after injury 2], [inability to read after injury
1]
a: Renounce Religion, Heroism, Finesse, Duel


You were on level 2 of the Abyss.
You worshipped Okawaru.
Okawaru was exalted by your worship.
You visited 3 branches of the dungeon, and saw 20 of its levels.
You visited the Abyss 1 time.
You also visited: Sewer, Ossuary and Bailey.

You collected 1388 gold pieces.
You spent 150 gold pieces at shops.

Inventory:

Hand Weapons
 e - the +6 broad axe of Fogi (weapon) {speed, rPois}
   (You acquired it in a bailey)

   Attacks with this weapon are significantly faster.
   rPois:     It protects you from poison.
 O - the +7 broad axe of Yeast {drain, rElec}
   (You found it on level 12 of the Dungeon)

   A truly terrible weapon, it drains the life of any living foe it strikes.
   rElec:     It insulates you from electricity.
Missiles
 F - 5 throwing nets (quivered)
Armour
 c - a +0 buckler (worn)
 f - a +0 plate armour (worn)
   (You found it on level 4 of the Dungeon)
 A - a +0 kite shield
   (You took it off a gnoll sergeant on level 9 of the Dungeon)
 H - a +2 hat (worn)
   (Okawaru gifted it to you on level 2 of the Abyss)
 J - a +2 cloak of preservation (worn)
   (You took it off Crazy Yiuf on level 6 of the Dungeon)
 K - the +0 pair of boots of Fofoet (worn) {*Slow rF+ Regen+ Slay+3}
   (Okawaru gifted it to you on level 1 of the Lair of Beasts)

   Slay:      It affects your accuracy & damage with ranged weapons and melee
   (+3).
   rF:        It protects you from fire.
   Regen:     It increases your rate of health regeneration.
   *Slow:     It may slow you when you take damage.
 M - a +2 pair of boots
   (You found it on level 7 of the Dungeon)
Jewellery
 m - a ring of willpower
   (You found it on level 13 of the Dungeon)
 o - a ring of poison resistance
   (You found it on level 13 of the Dungeon)
 p - a +4 ring of protection (right hand)
   (You took it off an orc warrior on level 12 of the Dungeon)
 s - an amulet of reflection (around neck)
   (You found it on level 2 of the Dungeon)
 v - a +4 ring of evasion (left hand)
   (You found it on level 4 of the Lair of Beasts)
Wands
 b - a wand of paralysis (31)
   (You found it on level 2 of the Dungeon)
 g - a wand of digging (6)
   (You found it on level 4 of the Lair of Beasts)
 I - a wand of acid (13)
   (You found it on level 10 of the Dungeon)
 L - a wand of mindburst (10)
   (You found it on level 1 of the Lair of Beasts)
Scrolls
 a - 3 scrolls of brand weapon
 i - 2 scrolls of vulnerability
 j - 2 scrolls of enchant armour
 l - a scroll of magic mapping
 r - 3 scrolls of identify
 t - 12 scrolls of teleportation
 u - 2 scrolls of fear
 y - 5 scrolls of fog
 z - 7 scrolls of blinking
 E - 4 scrolls of immolation
 G - 2 scrolls of enchant weapon
 P - 2 scrolls of silence
Potions
 d - 2 potions of might
 h - 3 potions of haste
 k - a potion of berserk rage
 n - 2 potions of resistance
 q - 17 potions of curing
 w - 10 potions of heal wounds
 x - 3 potions of magic
 B - 3 potions of ambrosia
 C - 4 potions of flight
 D - a potion of mutation
 N - a potion of attraction
 Q - a potion of invisibility
 R - a potion of cancellation


   Skills:
 + Level 13.7(18.7) Fighting
 - Level 18.0(23.0) Axes
 + Level 13.6(18.6) Armour
 - Level 9.2(14.2) Dodging
 + Level 5.5(10.5) Shields
 + Level 9.1 Invocations
 + Level 7.8 Evocations


You had 13 spell levels left.
You didn't know any spells.
Your spell library was empty.

Dungeon Overview and Level Annotations

Branches:
Dungeon (14/15)            Temple (1/1) D:7            Lair (5/5) D:9
  Swamp (0/4) Lair:3       Spider (0/4) Lair:2        Slime (0/5) Lair:5
    Orc (0/2) D:10          Sewer (visited)         Ossuary (visited)
 Bailey (visited)
 Vaults: D:13-14

Altars:
Cheibriados
Elyvilon
Fedhas
Gozag
Hepliaklqana
Kikubaaqudgha
Makhleb
Nemelex Xobeh
Okawaru
Sif Muna
Vehumet
Zin
The Shining One

Shops:
D:2 [=   D:8 :   D:12 ?   D:13 (

Annotations:
Lair:3 2 transporters, Plasmagod's ghost, journeyman TrFi


Innate Abilities, Weirdness & Mutations

You have a pair of horns on your head.
You reflexively headbutt those who attack you in melee.
You are covered in fur. (AC +1)
[You have an uncontrollable temper.]
[Armour fits poorly on your strangely shaped body.]
[Your body often deteriorates upon taking damage.]
[You are very dopey. (Int -4)]
[You are very frail. (-20% HP)]
[You do not regenerate when monsters are visible.]
[Your spells are easier to cast, but less powerful.]
[You sometimes lose the ability to drink potions when taking damage.]
[You occasionally lose the ability to read scrolls when taking damage.]


Message History

You feel your anger nearly subside.
You are no longer berserk.
You are exhausted.
You feel yourself slow down.
You barely miss the large abomination. You headbutt the large abomination.
The large abomination is lightly damaged.
You block the large abomination's attack.
You hit the large abomination.
The large abomination is lightly damaged.
You slice the large abomination!!
The large abomination is heavily damaged.
You hit the large abomination.
The large abomination is severely damaged.
The large abomination misses you.
You hit the large abomination.
The large abomination is severely damaged.
The wretched star glows turbulently.
The lance of force hits you but does no damage.
You barely miss the large abomination.
The large abomination is severely damaged.
The wretched star glows turbulently.
The lance of force hits you!
You feel threatened and lose the ability to drink potions!
Your body deteriorates!
You feel clumsy.
You are knocked back by the lance of force.
A necromancer and a harpy skeleton come into view.
The necromancer is wielding a +0 dagger and wearing a +0 robe of cold resistance.
A large abomination comes into view.
The necromancer shouts!
You slice the large abomination!!
You destroy the large abomination!
Okawaru accepts your kill.
The wretched star glows turbulently.
The lance of force hits you!
Your body deteriorates!
You feel weakened.
You are knocked back by the lance of force.
A small abomination and a five-headed hydra simulacrum come into view.
The harpy skeleton claws you but does no damage.
You block the harpy skeleton's attack.
A titan zombie comes into view.
The necromancer gestures at you while chanting.
You struggle to resist.
You slice the harpy skeleton!!
The harpy skeleton is severely damaged.
You block the harpy skeleton's attack. The harpy skeleton claws you.
You hit the harpy skeleton.
The harpy skeleton is severely damaged.
The harpy skeleton barely misses you. You block the harpy skeleton's attack.
The harpy skeleton barely misses you.
The harpy skeleton claws you but does no damage.
You slash the harpy skeleton!
You destroy the harpy skeleton!
Okawaru accepts your kill.
You slash the necromancer!
The necromancer gestures wildly while chanting.
The necromancer binds the souls of nearby monsters.
You feel more confident with your borrowed prowess.
The necromancer hits you but does no damage.
The wretched star pulses with an eldritch light!
Your connection to magic feels subdued.
Your connection to magic feels more subdued.
You block the five-headed hydra simulacrum's attack.
The five-headed hydra simulacrum misses you.
The five-headed hydra simulacrum closely misses you.
The five-headed hydra simulacrum misses you.
The five-headed hydra simulacrum bites you but does no damage.
The small abomination hits you but does no damage.
You can now deal lightning-fast blows.
The necromancer hits you but does no damage.
The wretched star pulses with an eldritch light!
You feel stupid. x2
The small abomination hits you but does no damage.
The five-headed hydra simulacrum bites you but does no damage.
The five-headed hydra simulacrum barely misses you.
You block the five-headed hydra simulacrum's attack.
The five-headed hydra simulacrum bites you but does no damage. x2
The necromancer casts a spell.
The necromancer binds the souls of nearby monsters.
You slash the necromancer! Your headbutt misses the necromancer.
The necromancer is heavily wounded.
You closely miss the small abomination. You hit the titan zombie.
You hack one of the five-headed hydra simulacrum's heads off!
You slice the four-headed hydra simulacrum!!
The small abomination completely misses you.
You furiously retaliate!
You headbutt the small abomination. You slice the necromancer!!
You kill the necromancer!
Okawaru accepts your kill.
You hit the small abomination but do no damage.
You slice the titan zombie!! You slash the large abomination!
You hit the four-headed hydra simulacrum.
The four-headed hydra simulacrum bites you but does no damage.
The four-headed hydra simulacrum bites you.
The four-headed hydra simulacrum freezes you!!
* * * LOW HITPOINT WARNING * * *
Your body deteriorates!
You feel dopey.
You have lost your intelligence.
The four-headed hydra simulacrum bites you but does no damage.
The four-headed hydra simulacrum bites you!
* * * LOW HITPOINT WARNING * * *
The four-headed hydra simulacrum freezes you!!
You die...

.........# ##
.........# .. #
.........##. ..
........... ..
............#.#
.... #......#.#
....##...ZZx.#
..........@.#
.........X).#
.........*..#
............#
............#
...........# #
#.#.......#
#.#.......##
#..... ....##


You could see a wretched star, a large abomination, a small abomination, a
four-headed hydra simulacrum and a titan zombie.

Vanquished Creatures
  Rupert (D:14)
  A shadow dragon (Abyss:2)
  A dire elephant (Lair:5)
  Snorg (Lair:4)
  The ghost of sanka the Zephyrmancer, a journeyman DgAM (D:12)
  Fannar (Lair:3)
  5 hydras
  3 boulder beetles
  A centaur warrior (D:13)
  3 catoblepae
  4 two-headed ogres
  9 death yaks (Lair:5)
  A deep troll shaman (Lair:5)
  2 thrashing horrors (Abyss:2)
  A sixfirhy (D:14)
  An orc knight (Bailey)
  A lindwurm (Lair:4)
  3 large abominations (Abyss:2)
  A necromancer (Abyss:2)
  4 cyclopes (D:13)
  2 will-o-the-wisps (Abyss:2)
  2 black mambas (Lair:2)
  A manticore (D:12)
  23 elephants
  A rust devil (D:14)
  5 cane toads
  A smoke demon (Abyss:2)
  3 kobold demonologists (D:12)
  5 komodo dragons
  5 rime drakes
  An ancient zyme (Abyss:2)
  A troll (shapeshifter) (D:13)
  A tengu conjurer (D:13)
  A troll (D:10)
  4 polar bears
  2 hornets
  Grinder (D:3)
  11 blink frogs
  Prince Ribbit (Lair:2)
  A harpy skeleton (Abyss:2)
  A vampire (D:10)
  4 wyverns
  A spriggan (Lair:3)
  3 wraiths
  A ynoxinul (Abyss:2)
  3 basilisks
  34 yaks
  A redback (Lair:2)
  2 steam dragons
  10 vampire mosquitoes
  3 chaos spawn (D:14)
  A warg (D:12)
  3 acid dragons
  10 water moccasins
  17 orc warriors
  2 ice beasts
  16 black bears
  32 wolves
  2 ogres
  8 centaurs
  4 kobold brigands
  3 gnoll sergeants
  2 necrophages (D:6)
  14 bullfrogs
  4 scorpions
  7 wights
  5 killer bees (D:9)
  2 electric eels
  A howler monkey (D:8)
  A quasit (Abyss:2)
  9 orc priests
  2 small abominations (Abyss:2)
  A gnoll bouda (D:6)
  A human zombie (Ossuary)
  Crazy Yiuf (D:6)
  4 iguanas
  Jessica (D:2)
  Ijyb (D:3)
  Terence (D:2)
  Natasha (twice) (D:2)
  10 orc wizards
  3 mummies (Ossuary)
  Robin (D:3)
  35 gnolls
  16 adders
  2 white imps
  2 ufetubi
  2 dart slugs (D:2)
  3 worms
  56 orcs
  14 endoplasms
  9 giant cockroaches
  19 goblins
  12 hobgoblins
  10 quokkas
  14 ball pythons
  8 bats
  8 frilled lizards
  A gnoll zombie (Ossuary)
  2 goblin zombies (Ossuary)
  28 kobolds
  2 kobold zombies (Ossuary)
  2 orc zombies (Ossuary)
  7 rats
  A ball lightning (D:12)
604 creatures vanquished.

Vanquished Creatures (others)
  A small abomination (Abyss:2)
  An orc warrior (D:12)
  An orc priest (D:12)
  An orc (D:12)
  A kobold (D:8)
  2 ball lightnings (D:12)
  4 foxfires (Abyss:2)
  30 fungi
  59 plants
100 creatures vanquished.

Grand Total: 704 creatures vanquished

Notes
Turn   | Place    | Note
-------+----------+-------------------------------------------
     0 | D:1      | Flugkiller the Minotaur Fighter began the quest for the
                  | Orb.
     0 | D:1      | Reached XP level 1. HP: 19/19 MP: 0/0
   470 | D:1      | Reached XP level 2. HP: 27/27 MP: 1/1
   484 | D:1      | Reached skill level 3 in Axes
   859 | D:2      | Found Himyo's Jewellery Shop.
   893 | D:2      | Noticed Terence
   901 | D:2      | Killed Terence
   902 | D:2      | Reached XP level 3. HP: 32/33 MP: 2/2
   950 | D:2      | Found Ynydesm's Armour Boutique.
  1052 | D:2      | Noticed Natasha
  1067 | D:2      | Reached skill level 4 in Axes
  1069 | D:2      | Killed Natasha
  1070 | D:2      | Reached XP level 4. HP: 7/41 MP: 3/3
  1073 | D:2      | HP: 2/41 [gnoll/+0 spear (5)]
  1806 | D:2      | Noticed Natasha
  1811 | D:2      | Killed Natasha
  1992 | D:2      | Reached XP level 5. HP: 47/47 MP: 4/4
  2299 | D:2      | Reached skill level 5 in Axes
  2304 | D:2      | Noticed Jessica
  2308 | D:2      | Killed Jessica
  2576 | D:3      | Identified the +1 helmet of Bedevilment {rElec}
  2576 | D:3      | Noticed Robin
  2587 | D:3      | Killed Robin
  2588 | D:3      | Reached skill level 5 in Fighting
  2588 | D:3      | Reached skill level 5 in Armour
  2722 | D:3      | Found a glowing drain.
  2744 | Sewer    | Entered a sewer
  2833 | Sewer    | Reached XP level 6. HP: 53/56 MP: 5/5
  3138 | Sewer    | Reached skill level 6 in Axes
  3242 | D:3      | Noticed Ijyb
  3259 | D:3      | Killed Ijyb
  3497 | D:3      | Noticed Grinder
  3500 | D:3      | Paralysed by Grinder for 3 turns
  3524 | D:3      | Paralysed by Grinder for 4 turns
  3531 | D:3      | Paralysed by Grinder for 3 turns
  3541 | D:3      | Killed Grinder
  3542 | D:3      | Reached skill level 7 in Axes
  3542 | D:3      | Reached XP level 7. HP: 25/63 MP: 6/6
  3758 | D:3      | Identified a scroll of acquirement
  4377 | D:4      | Found a sand-covered staircase.
  4386 | Ossuary  | Entered an ossuary
  4451 | Ossuary  | Reached skill level 8 in Axes
  4860 | D:4      | Found an ancient bone altar of Kikubaaqudgha.
  4861 | D:4      | Found a shimmering blue altar of Sif Muna.
  5007 | D:5      | Entered Level 5 of the Dungeon
  5209 | D:5      | Reached XP level 8. HP: 61/71 MP: 7/7
  5520 | D:5      | Reached skill level 9 in Axes
  6318 | D:6      | Reached skill level 10 in Axes
  6465 | D:6      | Reached XP level 9. HP: 80/81 MP: 8/8
  6955 | D:6      | Found a runed translucent door.
  6956 | D:6      | Noticed Crazy Yiuf
  7462 | D:6      | Killed Crazy Yiuf
  7672 | D:6      | Identified the +4 hammer of the Equinox {drain, rPois rC-
                  | Will+ rCorr}
  7800 | D:7      | Reached skill level 11 in Axes
  8522 | D:7      | Found a staircase to the Ecumenical Temple.
  8529 | Temple   | Entered the Ecumenical Temple
  8545 | Temple   | Became a worshipper of Warmaster Okawaru
  8869 | D:7      | Found a sparkling altar of Nemelex Xobeh.
  9017 | D:8      | Found a flagged portal.
  9024 | D:8      | Found Saof's Book Emporium.
  9026 | Bailey   | Entered a bailey
  9087 | Bailey   | Noticed an orc knight
  9090 | Bailey   | Gained mutation: [You occasionally lose the ability to
                  | drink potions when taking damage.] [potion of mutation]
  9090 | Bailey   | Gained mutation: Your mind is acute. (Int +4, Str/Dex -1)
                  | [potion of mutation]
  9101 | Bailey   | Reached skill level 1 in Invocations
  9149 | Bailey   | Killed an orc knight
  9149 | Bailey   | Reached * piety under Okawaru
  9150 | Bailey   | Reached skill level 12 in Axes
  9150 | Bailey   | Reached skill level 1 in Dodging
  9453 | Bailey   | Acquired the +6 broad axe of Fogi {speed, rPois}
  9673 | Bailey   | Reached XP level 10. HP: 91/91 MP: 10/10
  9796 | Bailey   | Noticed an orc warlord
  9999 | D:8      | Reached ** piety under Okawaru
 10581 | D:8      | Found a glowing silver altar of Zin.
 10865 | D:9      | Reached skill level 1 in Evocations
 11120 | D:9      | You fall into a shaft and drop 3 floors!
 11122 | D:12     | Noticed a manticore
 11130 | D:12     | Killed a manticore
 11130 | D:12     | Reached *** piety under Okawaru
 11131 | D:12     | Reached skill level 13 in Axes
 11204 | D:12     | Found a snail-covered altar of Cheibriados.
 11204 | D:12     | Noticed a torpor snail
 11205 | D:12     | Noticed a torpor snail
 11206 | D:12     | Noticed a torpor snail
 11312 | D:12     | Reached skill level 10 in Armour
 11381 | D:12     | Reached skill level 10 in Fighting
 11516 | D:11     | Noticed a two-headed ogre
 11523 | D:11     | Killed a two-headed ogre
 11524 | D:11     | Reached XP level 11. HP: 77/99 MP: 12/12
 11647 | D:11     | Noticed a two-headed ogre
 11651 | D:11     | Killed a two-headed ogre
 11651 | D:11     | Reached **** piety under Okawaru
 11843 | D:11     | Noticed a two-headed ogre
 11853 | D:11     | Killed a two-headed ogre
 12294 | D:10     | Entered Level 10 of the Dungeon
 12933 | D:10     | Found a staircase to the Orcish Mines.
 13083 | D:10     | Reached ***** piety under Okawaru
 13084 | D:10     | Reached skill level 5 in Dodging
 13485 | D:9      | Identified the +1 helmet of the Fiend {rF- Int+5}
 13647 | D:9      | Found a staircase to the Lair.
 13674 | D:9      | Reached skill level 14 in Axes
 13824 | Lair:1   | Entered Level 1 of the Lair of Beasts
 13913 | Lair:1   | Reached skill level 5 in Invocations
 13994 | Lair:1   | Noticed a catoblepas
 14011 | Lair:1   | Killed a catoblepas
 14204 | Lair:1   | Noticed a boulder beetle
 14219 | Lair:1   | Killed a boulder beetle
 14327 | Lair:1   | Received a gift from Okawaru
 14414 | Lair:1   | Reached XP level 12. HP: 73/110 MP: 15/15
 14416 | Lair:1   | Identified the +0 pair of boots of Fofoet {*Slow rF+ Regen+
                  | Slay+3} (Okawaru gifted it to you on level 1 of the Lair of
                  | Beasts)
 14416 | Lair:1   | Received a gift from Okawaru
 14979 | Lair:1   | Reached skill level 15 in Axes
 15273 | Lair:2   | Noticed Prince Ribbit
 15279 | Lair:2   | Noticed an eight-headed hydra
 15280 | Lair:2   | Killed Prince Ribbit
 15753 | Lair:2   | Found a hole to the Spider Nest.
 16172 | Lair:2   | Noticed an eight-headed hydra
 16181 | Lair:2   | Killed a 12-headed hydra
 16193 | Lair:2   | Killed an 18-headed hydra
 16194 | Lair:2   | Reached skill level 5 in Evocations
 17060 | Lair:3   | Reached ****** piety under Okawaru
 17061 | Lair:3   | Received a gift from Okawaru
 17062 | Lair:3   | Reached skill level 16 in Axes
 17062 | Lair:3   | Reached XP level 13. HP: 101/118 MP: 17/17
 17475 | Lair:3   | Identified the ring "Ceonan Umirgh" {rCorr Str+2 Int+6}
 17509 | Lair:3   | Noticed Fannar
 17526 | Lair:3   | Killed Fannar
 17637 | Lair:3   | Found a transporter.
 17637 | Lair:3   | Noticed Plasmagod's ghost (journeyman TrFi)
 17668 | Lair:3   | Found a transporter.
 17750 | Lair:3   | Found a staircase to the Swamp.
 18501 | Lair:4   | Noticed Snorg
 18519 | Lair:4   | Killed Snorg
 19218 | Lair:5   | Entered Level 5 of the Lair of Beasts
 19305 | Lair:5   | Identified the +1 plate armour "Cucaix" {Contam rF+ rC++}
                  | (Okawaru gifted it to you on level 5 of the Lair of Beasts)
 19305 | Lair:5   | Received a gift from Okawaru
 19434 | Lair:5   | Lost mutation: Your mind is acute. (Int +4, Str/Dex -1)
                  | [potion of mutation]
 19434 | Lair:5   | Lost mutation: [You occasionally lose the ability to drink
                  | potions when taking damage.] [potion of mutation]
 19434 | Lair:5   | Gained mutation: You are occasionally teleported next to
                  | monsters. [potion of mutation]
 19434 | Lair:5   | Gained mutation: Your muscles are strong. (Str +4, Int/Dex
                  | -1) [potion of mutation]
 19434 | Lair:5   | Lost mutation: Your muscles are strong. (Str +4, Int/Dex
                  | -1) [potion of mutation]
 19435 | Lair:5   | Lost mutation: You are occasionally teleported next to
                  | monsters. [potion of mutation]
 19435 | Lair:5   | Gained mutation: You are covered in fur. (AC +1) [potion of
                  | mutation]
 20114 | Lair:5   | Reached skill level 17 in Axes
 20982 | Lair:5   | Found a staircase to the Slime Pits.
 21088 | Lair:5   | Reached XP level 14. HP: 118/127 MP: 16/19
 22091 | D:12     | Found Amuu's Magic Scroll Emporium.
 22099 | D:12     | Bought a scroll of enchant weapon for 75 gold pieces
 22099 | D:12     | Bought a scroll of blinking for 75 gold pieces
 22433 | D:12     | Found a runed translucent gate.
 22433 | D:12     | Found a runed translucent gate.
 22433 | D:12     | Found a runed translucent gate.
 22448 | D:12     | Noticed sanka's ghost (journeyman DgAM)
 22523 | D:12     | Killed sanka's ghost
 22541 | D:12     | Identified the +7 broad axe of Yeast {drain, rElec}
 23593 | D:13     | Found Edeq's Antique Weapon Emporium.
 23655 | D:14     | Reached skill level 18 in Axes
 23804 | D:14     | Noticed Rupert
 23821 | D:14     | Paralysed by Rupert for 5 turns
 23832 | D:14     | Killed Rupert
 23836 | Abyss:2  | Cast into level 2 of the Abyss (a wizard)
 23857 | Abyss:2  | Found a corrupted altar of Lugonu.
 23884 | Abyss:2  | Noticed a shadow dragon
 23904 | Abyss:2  | Killed a shadow dragon
 23904 | Abyss:2  | Received a gift from Okawaru
 23905 | Abyss:2  | Reached skill level 5 in Shields
 24212 | Abyss:2  | Lost intelligence.
 24212 | Abyss:2  | HP: 5/104 [four-headed hydra simulacrum[a necromancer] (8)]
 24212 | Abyss:2  | Demolished by a four-headed hydra simulacrum

Illustrated notes

Levels and vault maps discovered:
D:1:      beargit_arrival_greenhouse, layout_basic
D:2:      layout_basic, serial_shops, nicolae_square_shop, shop,
          kennysheep_jessica_study, uniq_terence, uniq_natasha
D:3:      layout_rooms, portal_sewer_entry_d, uniq_grinder, uniq_ijyb,
          uniq_robin
D:4:      layout_loops_ring, mainiacjoe_overflow_divided_tiny,
          chequers_ossuary_entry_cave
D:5:      layout_loops_ring, dk_noncrumbling_2
D:6:      layout_basic, hangedman_abyss_or_decor_lesser_grid,
          uniq_crazy_yiuf_cottage
D:7:      layout_basic, mainiacjoe_overflow_alcove_4, minmay_temple_entry_ruins
D:8:      layout_basic, overflow_temple_1_default, serial_shops, shop,
          enter_bailey_6
D:9:      layout_long_grid, grunt_lair_entry_orc_guard_hut, bh_walls_and_bars
D:10:     layout_cave_pools, orc_0_dummy, nicolae_elevator_lobby_asterisk
D:11:     layout_roguey
D:12:     layout_loops_ring, serial_shops, shop, biasface_ghost_orc_armoury,
          cheibriados_altar_2
D:13:     layout_loops_ring, serial_shops, nicolae_shop_behind_doors
D:14:     layout_rooms, grunt_vaults_entry_tiered, dreamdust_wishing_well,
          serial_demonic, serial_demonic_b, serial_demonic_g, serial_demonic_e,
          serial_demonic_b, portal_ice_cave_entry_dragon, minmay_checkerbox,
          uniq_rupert
Temple:   compressed_dpeg_circular_temple
Lair:1:   beast_lair_carwin_large_1, layout_hall_layers
Lair:2:   layout_hall_layers, spider_nest_entry_webs, grunt_megastairs_3,
          lemuel_fruit_tree, uniq_prince_ribbit2
Lair:3:   layout_regular_city, swamp_mist_pool, gammafunk_ghost_arena,
          serial_forest, infiniplex_forest_lined_2,
          infiniplex_forest_lined_room_2, infiniplex_forest_pool,
          infiniplex_forest_lined_corner, infiniplex_forest_pool,
          infiniplex_forest_lined_2, infiniplex_forest_clump_diagonal,
          infiniplex_forest_end_2, infiniplex_forest_join,
          grunt_forest_large_clearings, uniq_fannar
Lair:4:   layout_small_grid, st_stairs_8, uniq_snorg
Lair:5:   grunt_lair_end_beastmaster, layout_cave_pods,
          dpeg_slime_entry_enclosed, infiniplex_staircase_pool
Abyss:2:  base:
Lair:4

Skill      XL: |  1  2  3  4  5  6  7  8  9 10 11 12 13 14 |
---------------+-------------------------------------------+-----
Axes           | 3 4 5 7 8 10 12 13 14 16 17 18 | 18.0
Fighting       | 4 5 6 8 9 10 11 12 13 | 13.7
Armour         | 4 5 6 8 9 10 11 12 13 | 13.6
Invocations    | 2 3 5 6 8 9 |  9.1
Dodging        | 2 4 6 7 8 9 |  9.2
Evocations     | 2 4 5 6 7 |  7.8
Shields        | 5 |  5.5

Action                   |  1- 3 |  4- 6 |  7- 9 | 10-12 | 13-15 || total
-------------------------+-------+-------+-------+-------+-------++-------
Melee: War axe           |    33 |   205 |   339 |       |       ||   577
       Headbutt          |     6 |    30 |    67 |   114 |   131 ||   348
       Broad axe         |       |       |    19 |   519 |   544 ||  1082
Invok: Heroism           |       |       |       |    11 |    17 ||    28
       Finesse           |       |       |       |       |     8 ||     8
Evoke: Wand              |       |       |     5 |     8 |       ||    13
  Use: Potion            |     1 |       |     6 |       |     2 ||     9
       Scroll            |       |       |    18 |     7 |     5 ||    30
 Stab: Invisible         |       |       |     6 |       |     6 ||    12
       Paralysed         |       |       |     5 |       |       ||     5
Armor: Scale mail        |     4 |       |       |       |       ||     4
       Chain mail        |    14 |   109 |     3 |       |       ||   126
       Plate armour      |       |       |   152 |   217 |   221 ||   590
Dodge: Dodged            |    12 |    56 |    87 |   150 |   235 ||   540
Block: Buckler           |    10 |   105 |   148 |   230 |   234 ||   727
       Reflection        |       |       |     3 |    15 |    11 ||    29
